 Dungeon Crawl Stone Soup version 0.31-a0-256-g80acddb972 (webtiles) character file.

Game seed: 8107926213615688881

124 British0li the Sneak (level 4, -4/37 HPs)
             Began as a Demonspawn Delver on July 13, 2023.
             Slain by a wight
             ... wielding a +2 dire flail of freezing
              (16 damage)
             ... on level 8 of the Dungeon.
             The game lasted 00:00:34 (369 turns).

British0li the Sneak (Demonspawn Delver)             Turns: 369, Time: 00:00:34

Health: -4/37      AC:  3    Str: 14    XL:     4   Next: 81%
Magic:  4/4        EV: 12    Int: 12    God:
Gold:   14         SH:  0    Dex: 14    Spells: 3/3 levels left

rFire   . . .        a - +0 falchion
rCold   . . .        (no shield)
rNeg    . . .        b - +0 leather armour
rPois   .            (no helmet)
rElec   .            (no cloak)
rCorr   .            (no gloves)
SInv    .            (no boots)
Will    .....        (no amulet)
Stlth   +++          (no ring)
HPRegen 0.26/turn    (no ring)
MPRegen 0.09/turn

%: no passive effects
@: no status effects
A: demonic magic 1
a: no special abilities


You were on level 8 of the Dungeon.
You visited 1 branch of the dungeon, and saw 2 of its levels.

You collected 14 gold pieces.

Inventory:

Hand Weapons
 a - a +0 falchion (weapon)
Armour
 b - a +0 leather armour (worn)
Wands
 g - a wand of digging (3)
Scrolls
 c - a scroll of fog
 d - a scroll of revelation
 e - a scroll of fear
Potions
 f - a potion of haste
 h - a potion of attraction {unknown}


   Skills:
 + Level 3.8 Fighting
 + Level 2.7 Long Blades
 + Level 2.7 Dodging
 + Level 5.1 Stealth


You had 3 spell levels left.
You didn't know any spells.
Your spell library was empty.

Dungeon Overview and Level Annotations

Branches:
Dungeon (5/15)
 Temple: D:4-7

Altars:

Shops:
D:8 *


Innate Abilities, Weirdness & Mutations

Spells you cast may paralyse adjacent enemies.


Message History

No target in view!
No target in view!
No target in view!
No target in view!
No target in view!
No target in view!
No target in view!
No target in view!
No target in view!
You see here a +0 flail of holy wrath.
A wight comes into view.
It is wielding a +2 dire flail of freezing.
A wight comes into view. It is wielding a +0 short sword.
A wight comes into view. It is wielding a +4 long sword.
You barely miss the wight.
The wight hits you with a +2 dire flail of freezing!
The wight freezes you!
* * * LOW HITPOINT WARNING * * *
A wight comes into view. It is wielding a +4 flail.
You are too injured to fight recklessly!
You are too injured to fight recklessly!
You are too injured to fight recklessly!
You are too injured to fight recklessly!
You are too injured to fight recklessly!
You are too injured to fight recklessly!
You are too injured to fight recklessly!
You are too injured to fight recklessly!
You are too injured to fight recklessly!
You are too injured to fight recklessly!
You are too injured to fight recklessly!
You are too injured to fight recklessly!
You are too injured to fight recklessly!
You are too injured to fight recklessly!
You are too injured to fight recklessly!
You are too injured to fight recklessly!
You are too injured to fight recklessly!
The wight misses you.
A wight comes into view. It is wielding a +0 dagger.
The wight attacks as you move away!
The wight hits you with a +2 dire flail of freezing!
You die...

.. .. #...z.# ..
#.....# .. ..
#.....# ## ....
#.....# #
.....#####....z#
..
#............z..#
..
#...........z...+
..
#..........z@...#
..
...............#
##
...............#
##.....$######
#......# #......#
#†)....# #......#
########......#


You could see 5 wights.

Vanquished Creatures
  A bullfrog (D:8)
  A howler monkey (D:8)
  A hound (D:5)
  An orc (D:8)
4 creatures vanquished.

Notes
Turn   | Place    | Note
-------+----------+-------------------------------------------
     0 | D:5      | British0li the Demonspawn Delver began the quest for the
                  | Orb.
     0 | D:5      | Reached XP level 1. HP: 18/18 MP: 1/1
     2 | D:5      | Noticed a hound
    21 | D:5      | Killed a hound
    22 | D:5      | Gained mutation: Spells you cast may paralyse adjacent
                  | enemies. [demonic ancestry]
    22 | D:5      | Reached XP level 2. HP: 2/24 MP: 2/2
    22 | D:5      | Reached XP level 3. HP: 2/29 MP: 3/3
    35 | D:5      | You fall into a shaft and drop 3 floors!
   147 | D:8      | Found Ekkehag's Assorted Antiques.
   177 | D:8      | Noticed a bullfrog
   192 | D:8      | Killed a bullfrog
   193 | D:8      | Reached skill level 5 in Stealth
   193 | D:8      | Reached XP level 4. HP: 6/36 MP: 4/4
   369 | D:8      | Slain by a wight

Illustrated notes

Levels and vault maps discovered:
D:5:      layout_basic, mainiacjoe_overflow_paths, mainiacjoe_overflow_alcove_3,
          minmay_temple_entry_trees
D:8:      layout_gridville, serial_shops, shop, serial_bayou_pond_a

Skill      XL: |  1  2  3 |
---------------+----------+-----
Long Blades    | 2 |  2.7
Dodging        | 2 |  2.7
Stealth        | 5 |  5.1
Fighting       | |  3.8

Action                     |  1- 3 |  4- 6 || total
---------------------------+-------+-------++-------
  Melee: Falchion          |    21 |    10 ||    31
 Armour: Leather armour    |     6 |     3 ||     9
  Dodge: Dodged            |    15 |     8 ||    23

Table legend: (Time is in decaauts)
 A = Elapsed time spent in this place.
 B = Non-inter-level travel time spent in this place.
 C = Inter-level travel time spent in this place.
 D = Time resting spent in this place.
 E = Time spent auto-exploring this place.
 F = Levels seen in this place.
 G = Mean time per level.
                   A        B        C        D        E       F      G
               +--------+--------+--------+--------+--------+-----+--------+
         Total |    374 |    374 |      0 |      0 |    281 |   2 |  187.0 |
       Dungeon |    374 |    374 |      0 |      0 |    281 |   2 |  187.0 |
               +--------+--------+--------+--------+--------+-----+--------+

Top non-repeatable levels by time:
     D:8: 337 daAuts
     D:5: 37 daAuts
